PL
WIZARDING EXPRESS @ DETROIT RENAISSANCE
08/11/2027
 
TOP OF THE 1ST
Wizarding Express batting - Pitching for Detroit Renaissance : LHP Todd Hines
Pitching: LHP Todd Hines
Batting: LHB José Corona 0-0: Ball
1-0: Ball
2-0: Foul Ball, location: 2F
2-1: Swinging Strike
2-2: Ball
3-2: Foul Ball, location: 2F
3-2: Strikes out looking
Batting: RHB Rafael Arredondo 0-0: Ball
1-0: Ball
2-0: Ball
3-0: Called Strike
3-1: Fly out, F9 (Flyball, 9LS)
Batting: RHB António Martínez 0-0: Ball
1-0: Ball
2-0: Ball
3-0: Called Strike
3-1: Base on Balls
Batting: LHB Nathan Tanner 0-0: Ball
1-0: Called Strike
1-1: Ball
2-1: Foul Ball, location: 2F
2-2: Ground out 1-3 (Groundball, P)
Top of the 1st over - 0 run(s), 0 hit(s), 0 error(s), 1 left on base; Wizarding 0 - Detroit 0
BOTTOM OF THE 1ST
Detroit Renaissance batting - Pitching for Wizarding Express : RHP Ralph McKinney
Pitching: RHP Ralph McKinney
Batting: RHB Eric D'Angle 0-0: Swinging Strike
0-1: Ball
1-1: Fly out, F8 (Flyball, 78XD)
Batting: LHB Ray Sears 0-0: Ball
1-0: Ball
2-0: Ground out 6-3 (Groundball, 6)
Batting: LHB Cisco Padilla 0-0: Ball
1-0: Called Strike
1-1: Called Strike
1-2: Ball
2-2: Strikes out looking
Bottom of the 1st over - 0 run(s), 0 hit(s), 0 error(s), 0 left on base; Wizarding 0 - Detroit 0
TOP OF THE 2ND
Wizarding Express batting - Pitching for Detroit Renaissance : LHP Todd Hines
Batting: LHB Júlio Valentín 0-0: Foul Ball, location: 2F
0-1: Fly out, F8 (Line Drive, 8LM)
Batting: SHB Salvador Trevino 0-0: Called Strike
0-1: Foul Ball, location: 2F
0-2: Ball
1-2: Ball
2-2: Strikes out swinging
Batting: RHB Chi-ju Zhang 0-0: Called Strike
0-1: Swinging Strike
0-2: Ball
1-2: Strikes out swinging
Top of the 2nd over - 0 run(s), 0 hit(s), 0 error(s), 0 left on base; Wizarding 0 - Detroit 0
BOTTOM OF THE 2ND
Detroit Renaissance batting - Pitching for Wizarding Express : RHP Ralph McKinney
Batting: LHB Yoichibei Sato 0-0: Called Strike
0-1: Ball
1-1: Fly out, F9 (Flyball, 9LS)
Batting: LHB Gustavo Cortéz 0-0: Ball
1-0: SINGLE (Groundball, 4MD)
Batting: RHB Ed Whitaker 0-0: Ball
1-0: Called Strike
1-1: Grounds into double play, 6-4-3 (Groundball, 6)
Bottom of the 2nd over - 0 run(s), 1 hit(s), 0 error(s), 0 left on base; Wizarding 0 - Detroit 0
TOP OF THE 3RD
Wizarding Express batting - Pitching for Detroit Renaissance : LHP Todd Hines
Batting: RHB Turner Coleman 0-0: Ground out 6-3 (Groundball, 56)
Batting: SHB Emílio Gonzáles 0-0: Ball
1-0: Ball
2-0: Ball
3-0: Base on Balls
Batting: LHB José Corona 0-0: Ball
1-0: Foul Ball, location: 2F
1-1: Foul Ball, location: 2F
1-2: SINGLE (Flyball, 7S)
Emílio Gonzáles to second
Batting: RHB Rafael Arredondo 0-0: Ball
1-0: Grounds into double play, 6-4-3 (Groundball, 6M)
Top of the 3rd over - 0 run(s), 1 hit(s), 0 error(s), 1 left on base; Wizarding 0 - Detroit 0
BOTTOM OF THE 3RD
Detroit Renaissance batting - Pitching for Wizarding Express : RHP Ralph McKinney
Batting: RHB Brent Ryan 0-0: Called Strike
0-1: Ground out 5-3 (Groundball, 5L)
Batting: RHB Jean Chamissa 0-0: Ground out 6-3 (Groundball, 6)
Batting: SHB Valentín Guzmán 0-0: Swinging Strike
0-1: Hit by Pitch
Batting: RHB Eric D'Angle 0-0: Called Strike
0-1: Ball
1-1: Called Strike
1-2: Fielders Choice at 2nd, 5-4 (Groundball, 5L)
Bottom of the 3rd over - 0 run(s), 0 hit(s), 0 error(s), 0 left on base; Wizarding 0 - Detroit 0
TOP OF THE 4TH
Wizarding Express batting - Pitching for Detroit Renaissance : LHP Todd Hines
Batting: RHB António Martínez 0-0: Called Strike
0-1: Foul Ball, location: 2F
0-2: Ball
1-2: Ball
2-2: Ball
3-2: Ground out 5-3 (Groundball, 5S)
Batting: LHB Nathan Tanner 0-0: Swinging Strike
0-1: Ball
1-1: Foul Ball, location: 2F
1-2: Ball
2-2: Strikes out swinging
Batting: LHB Júlio Valentín 0-0: Ball
1-0: Called Strike
1-1: Swinging Strike
1-2: Foul Ball, location: 2F
1-2: Strikes out swinging
Top of the 4th over - 0 run(s), 0 hit(s), 0 error(s), 0 left on base; Wizarding 0 - Detroit 0
BOTTOM OF THE 4TH
Detroit Renaissance batting - Pitching for Wizarding Express : RHP Ralph McKinney
Batting: LHB Ray Sears 0-0: Ball
1-0: Ground out 5-3 (Groundball, 56S)
Batting: LHB Cisco Padilla 0-0: Called Strike
0-1: Called Strike
0-2: Ball
1-2: Fly out, F9 (Flyball, 89S)
Batting: LHB Yoichibei Sato 0-0: Ball
1-0: Called Strike
1-1: Ball
2-1: Foul Ball, location: 2F
2-2: Ball
3-2: Base on Balls
Batting: LHB Gustavo Cortéz 0-0: Called Strike
0-1: Called Strike
Yoichibei Sato steals 2nd base
0-2: Fly out, F4 (Line Drive, 4)
Bottom of the 4th over - 0 run(s), 0 hit(s), 0 error(s), 1 left on base; Wizarding 0 - Detroit 0
TOP OF THE 5TH
Wizarding Express batting - Pitching for Detroit Renaissance : LHP Todd Hines
Batting: SHB Salvador Trevino 0-0: Ball
1-0: Swinging Strike
1-1: Swinging Strike
1-2: Foul Ball, location: 2F
1-2: Foul Ball, location: 2F
1-2: Ball
2-2: Ground out 1-3 (Groundball, P)
Batting: RHB Chi-ju Zhang 0-0: Fly out, F8 (Flyball, 8RM)
Batting: RHB Turner Coleman 0-0: Ground out 6-3 (Groundball, 6)
Top of the 5th over - 0 run(s), 0 hit(s), 0 error(s), 0 left on base; Wizarding 0 - Detroit 0
BOTTOM OF THE 5TH
Detroit Renaissance batting - Pitching for Wizarding Express : RHP Ralph McKinney
Batting: RHB Ed Whitaker 0-0: Ball
1-0: Ground out 6-3 (Groundball, 6)
Batting: RHB Brent Ryan 0-0: Called Strike
0-1: Fly out, F7 (Flyball, 7)
Batting: RHB Jean Chamissa 0-0: Called Strike
0-1: Called Strike
0-2: Ground out 5-3 (Groundball, 56)
Bottom of the 5th over - 0 run(s), 0 hit(s), 0 error(s), 0 left on base; Wizarding 0 - Detroit 0
TOP OF THE 6TH
Wizarding Express batting - Pitching for Detroit Renaissance : LHP Todd Hines
Batting: SHB Emílio Gonzáles 0-0: Called Strike
0-1: Ball
1-1: Foul Ball, location: 2F
1-2: Ball
2-2: Ball
3-2: Base on Balls
Batting: LHB José Corona 0-0: Ball
1-0: Bunted foul
1-1: Ball
2-1: Bunt missed!
2-2: Strikes out swinging
Batting: RHB Rafael Arredondo 0-0: Called Strike
0-1: Ball
1-1: Fly out, F7 (Flyball, 7D)
Batting: RHB António Martínez 0-0: Ball
1-0: Ball
2-0: Foul Ball, location: 2F
2-1: Called Strike
2-2: SINGLE (Flyball, 9LS)
Emílio Gonzáles to second
Runner from 2nd tries for 3rd, SAFE, no throw
Batting: LHB Nathan Tanner 0-0: Swinging Strike
0-1: Swinging Strike
0-2: Ball
António Martínez is caught stealing 2nd base
Top of the 6th over - 0 run(s), 1 hit(s), 0 error(s), 0 left on base; Wizarding 0 - Detroit 0
BOTTOM OF THE 6TH
Detroit Renaissance batting - Pitching for Wizarding Express : RHP Ralph McKinney
Batting: SHB Valentín Guzmán 0-0: Ground out 4-3 (Groundball, 34)
Batting: RHB Eric D'Angle 0-0: Called Strike
0-1: Ball
1-1: Fly out, F8 (Flyball, 89D)
Batting: LHB Ray Sears 0-0: Ball
1-0: Foul Ball, location: 2F
1-1: Called Strike
1-2: Fly out, F8 (Line Drive, 8LM)
Bottom of the 6th over - 0 run(s), 0 hit(s), 0 error(s), 0 left on base; Wizarding 0 - Detroit 0
TOP OF THE 7TH
Wizarding Express batting - Pitching for Detroit Renaissance : LHP Todd Hines
Batting: LHB Nathan Tanner 0-0: Ball
1-0: SINGLE (Groundball, 56D)
Batting: LHB Júlio Valentín 0-0: Foul Ball, location: 2F
0-1: Ball
1-1: Called Strike
1-2: Fly out, F9 (Line Drive, 9D)
Batting: SHB Salvador Trevino 0-0: Ball
1-0: Called Strike
Nathan Tanner is caught stealing 2nd base
1-1: Called Strike
1-2: Strikes out looking
Top of the 7th over - 0 run(s), 1 hit(s), 0 error(s), 0 left on base; Wizarding 0 - Detroit 0
BOTTOM OF THE 7TH
Detroit Renaissance batting - Pitching for Wizarding Express : RHP Ralph McKinney
Batting: LHB Cisco Padilla 0-0: Called Strike
0-1: Ball
1-1: Swinging Strike
1-2: Ball
2-2: Fly out, F8 (Flyball, 8RS)
Batting: LHB Yoichibei Sato 0-0: Swinging Strike
0-1: Called Strike
0-2: Ball
1-2: Strikes out swinging
Batting: LHB Gustavo Cortéz 0-0: Called Strike
0-1: Ball
1-1: Foul Ball, location: 2F
1-2: Foul Ball, location: 2F
1-2: Strikes out swinging
Bottom of the 7th over - 0 run(s), 0 hit(s), 0 error(s), 0 left on base; Wizarding 0 - Detroit 0
TOP OF THE 8TH
Wizarding Express batting - Pitching for Detroit Renaissance : LHP Todd Hines
Batting: RHB Chi-ju Zhang 0-0: Ball
1-0: SINGLE (Line Drive, 4MD)
Batting: RHB Turner Coleman 0-0: Sac Bunt - play at first, batter OUT! 1-3
Chi-ju Zhang to second
Batting: SHB Emílio Gonzáles 0-0: Ground out 6-3 (Groundball, 56)
Batting: LHB José Corona 0-0: Ball
1-0: Foul Ball, location: 2F
1-1: Ball
2-1: Called Strike
2-2: Strikes out looking
Top of the 8th over - 0 run(s), 1 hit(s), 0 error(s), 1 left on base; Wizarding 0 - Detroit 0
BOTTOM OF THE 8TH
Detroit Renaissance batting - Pitching for Wizarding Express : RHP Ralph McKinney
Batting: RHB Ed Whitaker 0-0: Called Strike
0-1: Ball
1-1: Ground out 6-3 (Groundball, 6)
Batting: RHB Brent Ryan 0-0: Ball
1-0: Ground out 6-3 (Groundball, 6)
Batting: RHB Jean Chamissa 0-0: Ball
1-0: Ball
2-0: Called Strike
2-1: Ball
3-1: Fly out, F8 (Flyball, 8LD)
Bottom of the 8th over - 0 run(s), 0 hit(s), 0 error(s), 0 left on base; Wizarding 0 - Detroit 0
TOP OF THE 9TH
Wizarding Express batting - Pitching for Detroit Renaissance : LHP Todd Hines
Batting: RHB Rafael Arredondo 0-0: Foul Ball, location: 2F
0-1: Swinging Strike
0-2: Ball
1-2: Ground out 6-3 (Groundball, 6M)
Batting: RHB António Martínez 0-0: Ball
1-0: Ball
2-0: Ball
3-0: Base on Balls
Pitching: LHP Rubén Rodríguez
Batting: LHB Nathan Tanner 0-0: Ball
1-0: Called Strike
1-1: Ball
2-1: Foul Ball, location: 2F
2-2: Foul Ball, location: 2F
2-2: Ball
3-2: SINGLE (Groundball, 34D)
António Martínez to second
António Martínez to third
Batting: LHB Júlio Valentín 0-0: Called Strike
Nathan Tanner steals 2nd base
0-1: Fly out, F7 (Flyball, 7S)
Batting: SHB Salvador Trevino 0-0: Foul Ball, location: 2F
0-1: Ground out U3 (Groundball, 3)
Top of the 9th over - 0 run(s), 1 hit(s), 0 error(s), 2 left on base; Wizarding 0 - Detroit 0
BOTTOM OF THE 9TH
Detroit Renaissance batting - Pitching for Wizarding Express : RHP Ralph McKinney
Batting: SHB Valentín Guzmán 0-0: Called Strike
0-1: Called Strike
0-2: Strikes out looking
Pinch Hitting: LHB Juan González 0-0: Ball
1-0: Foul Ball, location: 2F
1-1: Fly out, F7 (Flyball, 7LS)
Batting: LHB Ray Sears 0-0: Ball
1-0: Foul Ball, location: 2F
1-1: Called Strike
1-2: SOLO HOME RUN (Flyball, 9LD), Distance : 329 ft
Saturday, May 26th, 2018 - OOTP Baseball 17.12 Build 75